Map: Odyssey LE

Players

TYTY (TY)

  • Race: Terran Terran
  • Spawn Location: 5:00

Rogue - Winner!

  • Race: Zerg Zerg
  • Spawn Location: 11:00

Event: 2017 WCS Global Finals

VOD

Have the link to the VOD?

Description

Time

  • Played on: Nov. 4, 2017, 5:24 p.m.
  • Length: 14:22

All games in this series

Show
View Real Time Build Order
Export as new Build Order

TYTY Terran 

Build Orders:  

Get SALT Encoding   

  12  0:01  SCV  
  13  0:13  SCV  
  14  0:18  Supply Depot  
  14  0:25  SCV  
  15  0:40  Barracks  
  15  0:50  Barracks  
  15  0:54  SCV  
  16  1:06  SCV  
  17  1:18  SCV  
  17  1:20  Refinery  
  18  1:27  Marine  
  18  1:31  Orbital Command  
  19  1:36  Marine  
  19  1:37  Supply Depot  
  20  1:44  Marine  
  21  1:49  Bunker  
  21  1:54  Marine  
  21  1:58  SCV  
  23  2:02  Marine  
  24  2:12  Marine  
  24  2:24  Factory, Marine  
  24  2:28  SCV  
  25  2:30  Marine  
  26  2:45  Marine  
  26  2:47  Marine  
  26  2:50  SCV  
  25  3:12  SCV  
  21  3:16  Command Center  
  21  3:19  Starport, Factory Reactor  
  21  3:24  SCV  
  22  3:36  SCV  
  22  3:37  Refinery  
  23  3:49  SCV  
  24  3:55  Viking  
  24  3:56  Hellion x2  
  24  4:01  SCV  
  31  4:14  SCV  
  31  4:22  Supply Depot  
  31  4:28  Medivac, Orbital Command, Hellion x2  
  31  4:29  SCV  
  38  4:40  Liberator  
  38  4:41  SCV  
  39  4:47  Orbital Command  
  39  4:49  Hellion x2  
  43  4:53  SCV  
  47  5:05  SCV  
  48  5:11  Supply Depot, Hellion x2  
  48  5:14  SCV  
  53  5:17  SCV  
  54  5:32  SCV  
  54  5:33  Hellion x2  
  54  5:34  Supply Depot, SCV  
  60  5:44  SCV  
  60  5:46  Starport Tech Lab  
  60  5:47  SCV  
  60  5:56  Hellion x2  
  60  5:57  SCV  
  63  6:00  SCV  
  59  6:08  Armory  
  59  6:09  SCV  
  56  6:13  SCV  
  56  6:17  Hellion  
  56  6:18  Supply Depot  
  59  6:20  Command Center  
  59  6:21  SCV  
  60  6:25  SCV  
  60  6:30  Refinery  
  60  6:32  Factory  
  61  6:33  SCV  
  61  6:34  Barracks Reactor  
  61  6:38  SCV  
  65  6:41  Factory, Starport Tech Lab  
  65  6:43  Hellion x2  
  65  6:45  SCV  
  65  6:48  Refinery  
  65  6:50  SCV  
  66  6:57  SCV  
  64  7:02  SCV  
  64  7:04  Hellion  
  64  7:05  Hellion  
  69  7:09  SCV  
  69  7:10  Starport Reactor  
  69  7:15  SCV  
  71  7:16  Terran Vehicle Weapons Level 1  
  71  7:18  Barracks Tech Lab  
  71  7:21  SCV  
  72  7:27  SCV  
  72  7:28  Supply Depot  
  77  7:32  Orbital Command, Liberator  
  77  7:35  Thor  
  83  7:40  Thor  
  83  7:41  Hellion x2, SCV x2  
  91  7:47  Medivac  
  96  7:53  SCV x2  
  96  7:57  SCV  
  99  8:02  Supply Depot  
  99  8:05  Engineering Bay  
  101  8:10  SCV x2  
  101  8:14  Supply Depot x2  
  101  8:15  Supply Depot  
  101  8:17  Supply Depot  
  101  8:20  Factory  
  101  8:23  SCV x3  
  101  8:24  Factory  
  104  8:31  Siege Tank  
  107  8:35  SCV x3, Siege Tank  
  107  8:37  Supply Depot  
  107  8:40  Refinery  
  115  8:41  Hellion  
  115  8:47  SCV  
  116  8:57  SCV x2  
  118  9:03  Siege Tank  
  118  9:05  Hellion x4  
  123  9:10  Starport Tech Lab  
  123  9:16  SCV  
  104  9:29  Banshee  
  104  9:30  Hellion x2  
  113  9:34  SCV x2  
  118  9:40  Cyclone x3  
  118  9:41  Terran Vehicle Weapons Level 2, Factory Reactor  
  118  9:44  Hellion  
  119  9:45  Command Center  
  119  9:46  SCV  
  119  9:47  Refinery  
  119  9:48  Armory  
  119  9:51  Hellion  
  122  9:53  Hellion  
  122  9:56  SCV  
  122  9:57  Command Center  
  125  10:05  Cyclone  
  128  10:09  Supply Depot  
  128  10:11  SCV x3, Banshee  
  128  10:12  Hellion x2  
  128  10:13  Cyclone  
  142  10:14  Hellion  
  142  10:23  SCV x2  
  142  10:24  Engineering Bay, Cyclone  
  142  10:26  Hellion  
  149  10:30  Cyclone  
  149  10:32  Supply Depot  
  149  10:33  Supply Depot  
  150  10:54  Cyclone x2  
  150  10:55  Hellion  
  161  10:58  Refinery  
  161  10:59  Refinery  
  161  11:00  Cyclone  
  161  11:04  Missile Turret  
  164  11:07  Missile Turret  
  164  11:09  Cyclone  
  164  11:12  Orbital Command, Liberator  
  164  11:14  Cyclone  
  169  11:24  Cyclone  
  175  11:28  Planetary Fortress  
  171  11:39  Liberator, SCV x3  
  172  11:40  Cyclone x2  
  172  11:41  Cyclone  
  172  11:44  Hellion x2  
  170  11:49  Terran Vehicle And Ship Armor Level 1  
  170  11:52  SCV x3  
  163  11:59  Hellion  
  163  12:00  Hellion  
  163  12:02  Liberator  
  163  12:04  Starport, Hellion, SCV x2  
  163  12:05  Hellion  
  169  12:09  Refinery, SCV  
  169  12:10  SCV  
  169  12:14  Orbital Command  
  169  12:16  SCV x2  
  169  12:17  Hellion x2  
  167  12:30  Liberator  
  167  12:31  Hellion x3  
  167  12:34  Hellion x2  
  177  12:38  Missile Turret  
  177  12:39  SCV x2  
  177  12:52  Supply Depot  
  167  13:04  Starport Reactor  
  161  13:05  Fusion Core  
  161  13:08  Hellion  
  161  13:09  Supply Depot  
  161  13:10  Starport  
  155  13:14  Hellion x3  
  161  13:31  Command Center  
  161  13:32  Supply Depot  
  159  13:34  Supply Depot  
  159  13:35  Orbital Command  
  159  13:37  Cyclone  
  159  13:38  Cyclone x2  
  159  13:39  Cyclone x2  
  164  13:43  Cyclone  
  164  13:44  SCV  
  148  13:50  Cyclone  
  106  14:16  Starport Tech Lab  
Show
View Real Time Build Order
Export as new Build Order

Rogue Zerg - Winner!

Build Orders: Hatch First, Swarm Host 

Get SALT Encoding   

  12  0:00  Drone  
  13  0:12  Overlord  
  13  0:17  Drone  
  14  0:30  Drone x2  
  14  0:33  Drone  
  17  0:50  Hatchery  
  17  0:53  Drone  
  18  0:57  Drone  
  18  1:11  Spawning Pool  
  17  1:15  Drone  
  17  1:18  Drone  
  19  1:28  Drone  
  20  1:38  Overlord  
  20  2:04  Zergling x6  
  21  2:13  Zergling x4  
  21  2:14  Queen  
  23  2:22  Zergling x2  
  24  2:26  Zergling x2  
  25  2:32  Zergling x2  
  22  2:48  Drone x2  
  23  2:56  Drone  
  23  3:02  Drone  
  23  3:11  Drone x2  
  24  3:18  Queen  
  26  3:26  Drone x2  
  28  3:29  Drone  
  29  3:35  Queen  
  29  3:41  Drone x2  
  33  3:48  Overlord  
  33  3:52  Extractor, Drone  
  33  3:53  Extractor  
  32  3:56  Drone x2  
  32  4:00  Drone  
  35  4:06  Drone x2  
  35  4:07  Drone  
  35  4:09  Drone  
  39  4:15  Queen  
  41  4:20  Drone x2  
  43  4:29  Drone  
  44  4:37  Hatchery  
  43  4:44  Roach Warren  
  42  4:47  Overlord  
  41  4:53  Overlord  
  41  5:01  Lair  
  41  5:04  Overlord  
  41  5:09  Drone  
  41  5:10  Drone  
  41  5:14  Drone x4  
  47  5:22  Extractor  
  47  5:24  Roach x3  
  47  5:27  Roach  
  54  5:32  Roach  
  56  5:37  Roach x2  
  57  5:49  Drone  
  58  5:51  Drone x2  
  58  5:52  Drone  
  59  5:59  Drone x5  
  59  6:01  Glial Reconstitution  
  58  6:04  Drone  
  58  6:11  Drone x2  
  59  6:23  Drone x2  
  59  6:24  Spire  
  59  6:25  Drone  
  61  6:28  Drone  
  61  6:29  Drone  
  61  6:32  Extractor  
  59  6:35  Drone  
  60  6:41  Drone x2  
  60  6:45  Drone x2  
  65  6:50  Overlord  
  65  6:51  Overlord  
  65  6:53  Overlord  
  65  6:58  Overlord  
  65  7:00  Drone x2  
  65  7:06  Overseer  
  65  7:07  Overlord  
  65  7:11  Drone x4  
  65  7:14  Drone x2  
  71  7:17  Drone  
  72  7:23  Drone x2  
  72  7:25  Drone  
  75  7:30  Evolution Chamber  
  75  7:32  Evolution Chamber  
  75  7:37  Drone x5  
  75  7:40  Drone  
  75  7:41  Drone x2  
  75  7:42  Drone x3  
  84  7:44  Overseer  
  84  7:47  Overlord  
  84  7:50  Overseer  
  84  7:53  Extractor, Drone x3  
  84  7:54  Drone  
  87  7:59  Pneumatized Carapace  
  87  8:01  Zerg Missile Weapons Level 1, Extractor  
  86  8:13  Spore Crawler, Zerg Ground Armor Level 1  
  86  8:14  Drone x3  
  86  8:17  Drone  
  86  8:19  Roach  
  95  8:20  Roach x3, Infestation Pit  
  95  8:26  Roach  
  95  8:27  Roach x3  
  104  8:31  Overlord  
  104  8:32  Overlord  
  105  8:41  Drone  
  105  8:44  Overlord  
  105  8:45  Overlord  
  105  8:52  Burrow  
  105  8:54  Roach x8  
  121  9:02  Overlord x3  
  115  9:11  Roach x4  
  103  9:18  Roach x3  
  103  9:22  Roach x5  
  103  9:23  Roach  
  115  9:35  Swarm Host x4  
  124  9:41  Swarm Host x2  
  128  9:53  Swarm Host x3  
  137  10:00  Zerg Missile Weapons Level 2  
  137  10:03  Hatchery  
  137  10:06  Swarm Host  
  138  10:07  Drone x3  
  140  10:14  Spire  
  140  10:18  Swarm Host x4  
  149  10:25  Swarm Host x3  
  156  10:29  Drone x3  
  159  10:36  Drone  
  159  10:39  Spore Crawler  
  159  10:41  Roach  
  159  10:42  Overlord x3  
  161  10:55  Overlord  
  161  11:03  Roach  
  161  11:04  Roach x9  
  178  11:06  Ravager  
  178  11:07  Ravager x5  
  178  11:10  Drone  
  178  11:11  Drone  
  186  11:18  Tunneling Claws  
  186  11:29  Overlord  
  184  11:32  Roach  
  184  11:33  Roach x5  
  184  11:34  Overlord  
  184  11:38  Overlord  
  192  11:43  Overlord  
  192  11:46  Roach  
  192  11:47  Overlord  
  180  11:54  Overseer  
  180  11:57  Baneling Nest  
  179  12:11  Ravager  
  179  12:12  Roach x7, Ravager x2  
  179  12:13  Roach x2  
  200  12:19  Zerg Flyer Weapons Level 1  
  194  12:30  Roach x3  
  194  12:34  Spine Crawler  
  194  12:36  Spine Crawler  
  198  12:46  Hatchery  
  195  12:54  Roach x2  
  195  13:07  Roach x2  
  193  13:37  Hatchery  
  193  13:39  Corruptor  
  193  13:40  Corruptor x3  
  196  13:52  Corruptor x2  
  193  14:03  Roach x3  
  187  14:20  Hatchery  
Tags
 
Add a new tag
Caveats
  • Supply blocks, unpowered buildings, or Contaminate may cause inaccurate times.
  • Supply counts are checked every 10 seconds.